 Dungeon Crawl Stone Soup version 0.22.1-6-g1668fe2c40 (webtiles) character file.

464998 Jakon the Warrior (level 24, -1/164 HPs)
             Began as a Gargoyle Fighter on Jan 18, 2019.
             Was the Champion of Okawaru.
             Shot with a bolt by a yaktaur captain (18 damage)
             ... on level 4 of the Depths on Jan 22, 2019.
             The game lasted 05:32:02 (67941 turns).

Jakon the Warrior (Gargoyle Fighter)               Turns: 67941, Time: 05:32:03

Health: -1/164     AC: 53    Str: 25    XL:     24   Next: 56%
Magic:  29/29      EV:  9    Int: 15    God:    Okawaru [******]
Gold:   2869       SH: 37    Dex: 23    Spells: 23/23 levels left

rFire    + + .     SeeInvis .   O - +9 eveningstar of the Several Tales {crush, rF+ rN+ Int-2}
rCold    + + .     Gourm    .   g - +8 large shield {AC+3}
rNeg     + + +     Faith    .   V - +7 Kryia's mail coat {PotionHeal*2 rC+}
rPois    ∞         Spirit   .   B - +2 helmet "Caywerog" {rF+ MR+}
rElec    +         Reflect  +   a - +0 cloak of Beogh's Approval {*Drain rN++ MR+ rCorr}
rCorr    +         Harm     .   o - +2 pair of gloves {Dex+3}
MR       +++..                  T - +2 pair of boots of the Assassin {Detection Stab+ Stlth++}
Stlth    ++++......             N - +5 amulet of reflection
HPRegen  0.37/turn              D - ring of Buop Yng {*Corrode rC+ Str+2 Int+7 Stlth+}
MPRegen  0.21/turn              Y - +5 ring of dexterity

@: flying
A: big wings, blurry vision 2, dopey 1, low mp 2, negative energy resistance 1,
electricity resistance, unbreathing, petrification resistance, rot immunity, AC
+18
}: 2/15 runes: barnacled, gossamer
a: Stop Flying, Heroism, Finesse, Renounce Religion


You were on level 4 of the Depths.
You worshipped Okawaru.
Okawaru was exalted by your worship.
You were full.

You visited 9 branches of the dungeon, and saw 44 of its levels.
You visited the Abyss 1 time.
You also visited: Volcano.

You collected 4717 gold pieces.
You spent 1848 gold pieces at shops.

Inventory:

Hand Weapons
 O - the +9 eveningstar of the Several Tales (weapon) {crush, rF+ rN+ Int-2}
   (Okawaru gifted it to you on level 4 of the Shoals)

   It inflicts extra damage upon your enemies.
   It affects your intelligence (-2).
   It protects you from fire.
   It protects you from negative energy.
Missiles
 A - 4 silver javelins (quivered)
Armour
 a - the +0 cloak of Beogh's Approval (worn) {*Drain rN++ MR+ rCorr}
   (You acquired it on level 1 of the Lair of Beasts)

   It greatly protects you from negative energy.
   It affects your resistance to hostile enchantments.
   It provides partial protection from all sources of acid and corrosion.
   It causes draining when unequipped.
 g - a +8 large shield of protection (worn)
 o - a +2 pair of gloves of dexterity (worn)
 B - the +2 helmet "Caywerog" (worn) {rF+ MR+}
   (You bought it in a shop on level 2 of the Vaults)

   It protects you from fire.
   It affects your resistance to hostile enchantments.
 F - a scarf of cloud immunity
 T - the +2 pair of boots of the Assassin (worn) {Detection Stab+ Stlth++}
   (You found it on level 3 of the Elven Halls)

   It makes you much more stealthy.
 V - the +7 Kryia's mail coat (worn) {PotionHeal*2 rC+}
   (Okawaru gifted it to you on level 6 of the Lair of Beasts)

   It protects you from cold.
Jewellery
 D - the ring of Buop Yng (left hand) {*Corrode rC+ Str+2 Int+7 Stlth+}
   (You took it off a deep elf annihilator on level 3 of the Elven Halls)

   [ring of protection from cold]

   It affects your strength (+2).
   It affects your intelligence (+7).
   It protects you from cold.
   It may corrode you when you take damage.
   It makes you more stealthy.
 N - a +5 amulet of reflection (around neck)
 Y - a +5 ring of dexterity (right hand)
Wands
 i - a wand of digging (47)
 l - a wand of iceblast (12)
 w - a wand of acid (4)
Scrolls
 e - 5 scrolls of blinking
 h - 20 scrolls of teleportation
 k - 6 scrolls of fear
 q - a scroll of holy word
 r - 20 scrolls of remove curse
 s - 11 scrolls of identify
 u - 2 scrolls of magic mapping
 y - 7 scrolls of fog
 H - 3 scrolls of summoning
 R - 2 scrolls of silence
Potions
 f - a potion of cancellation
 j - 3 potions of magic
 n - a potion of agility
 p - 5 potions of brilliance
 C - a potion of invisibility
 E - 4 potions of berserk rage
 J - a potion of resistance
 M - 2 potions of ambrosia
 Q - 5 potions of curing
Miscellaneous
 P - a lamp of fire
Comestibles
 b - 4 chunks of flesh
 K - 30 rations


   Skills:
 + Level 20.4 Fighting
 + Level 19.0 Maces & Flails
 + Level 20.4 Armour
 + Level 20.4 Shields
 + Level 19.6 Invocations


You had 23 spell levels left.
You didn't know any spells.
Your spell library contained the following spells:

 Spells                   Type           Power        Failure   Level  Hunger
 Animate Skeleton         Necr           N/A          63%         1    ##.....
 Apportation              Tloc           #.....       63%         1    ##.....
 Beastly Appendage        Tmut           #.....       63%         1    ##.....
 Confusing Touch          Hex            #.....       63%         1    ##.....
 Corona                   Hex            #......      63%         1    ##.....
 Freeze                   Ice            #...         63%         1    ##.....
 Infusion                 Chrm           #...         63%         1    ##.....
 Magic Dart               Conj           #...         63%         1    ##.....
 Sandblast                Erth           #.....       63%         1    ##.....
 Shock                    Conj/Air       #...         63%         1    ##.....
 Summon Small Mammal      Summ           #...         63%         1    ##.....
 Call Imp                 Summ           #.......     77%         2    ###....
 Passwall                 Tmut/Erth      #.......     77%         2    ###....
 Searing Ray              Conj           #.....       77%         2    ###....
 Shroud of Golubria       Chrm/Tloc      #.........   77%         2    ###....
 Slow                     Hex            #.......     77%         2    ###....
 Song of Slaying          Chrm           #.......     77%         2    ###....
 Sticks to Snakes         Tmut           #.......     77%         2    ###....
 Swiftness                Chrm/Air       #.......     77%         2    ###....
 Throw Frost              Conj/Ice       #.....       77%         2    ###....
 Confuse                  Hex            #.......     94%         3    ####...
 Dazzling Spray           Conj/Hex       #.....       94%         3    ####...
 Gell's Gravitas          Tloc           #.........   94%         3    ####...
 Ignite Poison            Fire/Tmut/Pois #.......     94%         3    ####...
 Inner Flame              Hex/Fire       #.......     94%         3    ####...
 Mephitic Cloud           Conj/Pois/Air  #.......     94%         3    ####...
 Ozocubu's Armour         Chrm/Ice       #.......     94%         3    ####...
 Portal Projectile        Hex/Tloc       #.....       94%         3    ####...
 Recall                   Summ/Tloc      N/A          94%         3    ####...
 Regeneration             Chrm/Necr      #.........   94%         3    ####...
 Spectral Weapon          Hex/Chrm       #.......     94%         3    ####...
 Spider Form              Tmut/Pois      #.........   94%         3    ####...
 Static Discharge         Conj/Air       #.......     94%         3    ####...
 Airstrike                Air            #.........   100%        4    #####..
 Cause Fear               Hex            #.........   100%        4    #####..
 Force Lance              Conj/Tloc      #.......     100%        4    #####..
 Fulminant Prism          Conj/Hex       #.........   100%        4    #####..
 Ice Form                 Ice/Tmut       #.......     100%        4    #####..
 Iskenderun's Mystic Bla  Conj           #.......     100%        4    #####..
 Leda's Liquefaction      Hex/Erth       #.........   100%        4    #####..
 Passage of Golubria      Tloc           N/A          100%        4    #####..
 Petrify                  Tmut/Erth      #.......     100%        4    #####..
 Summon Ice Beast         Ice/Summ       #.......     100%        4    #####..
 Throw Icicle             Conj/Ice       #.......     100%        4    #####..
 Alistair's Intoxication  Tmut/Pois      #.......     100%        5    ######.
 Aura of Abjuration       Summ           #.........   100%        5    ######.
 Blade Hands              Tmut           #.........   100%        5    ######.
 Bolt of Magma            Conj/Fire/Erth #.........   100%        5    ######.
 Irradiate                Conj/Tmut      #.........   100%        5    ######.
 Iskenderun's Battlesphe  Conj/Chrm      #.......     100%        5    ######.
 Lee's Rapid Deconstruct  Erth           #.........   100%        5    ######.
 Lightning Bolt           Conj/Air       #.........   100%        5    ######.
 Metabolic Englaciation   Hex/Ice        #.........   100%        5    ######.
 Silence                  Hex/Air        #.........   100%        5    ######.
 Summon Demon             Summ           #.........   100%        5    ######.
 Summon Forest            Summ/Tloc      #.........   100%        5    ######.
 Summon Mana Viper        Hex/Summ       #.......     100%        5    ######.
 Venom Bolt               Conj/Pois      #.........   100%        5    ######.
 Yara's Violent Unravell  Hex/Tmut       #.........   100%        5    ######.
 Darkness                 Hex            #.........   100%        6    #######
 Deflect Missiles         Chrm/Air       #.........   100%        6    #######
 Dispersal                Tloc           #.........   100%        6    #######
 Freezing Cloud           Conj/Ice/Air   #.........   100%        6    #######
 Hydra Form               Tmut           #.........   100%        6    #######
 Invisibility             Hex            #.......     100%        6    #######
 Iron Shot                Conj/Erth      #.........   100%        6    #######
 Shadow Creatures         Summ           N/A          100%        6    #######
 Simulacrum               Ice/Necr       #.........   100%        6    #######
 Dragon Form              Tmut           #.........   100%        7    #######
 Orb of Destruction       Conj           #.........   100%        7    #######
 Spellforged Servitor     Conj/Summ      #.........   100%        7    #######
 Controlled Blink         Tloc           N/A          100%        8    #######
 Discord                  Hex            #.........   100%        8    #######
 Disjunction              Tloc           #.........   100%        8    #######
 Ignition                 Fire           #.........   100%        8    #######
 Shatter                  Erth           #.........   100%        9    #######
 Tornado                  Air            #.........   100%        9    #######
 Sublimation of Blood     Necr           Unusable     N/A         2    N/A
 Statue Form              Tmut/Erth      Unusable     N/A         6    N/A

Dungeon Overview and Level Annotations

Branches:
Dungeon (15/15)            Temple (1/1) D:7            Lair (6/6) D:8
 Shoals (4/4) Lair:4       Spider (4/4) Lair:3        Slime (0/5) Lair:5
    Orc (2/2) D:12            Elf (3/3) Orc:2        Vaults (4/5) D:14
  Crypt (0/3) Vaults:3     Depths (5/5) D:15
    Zot: Depths:5

Altars:
Ashenzari
Cheibriados
Dithmenos
Elyvilon
Fedhas
Gozag
Hepliaklqana
Kikubaaqudgha
Makhleb
Nemelex Xobeh
Okawaru
Qazlal
Ru
Sif Muna
Trog
Uskayaw
Vehumet
Wu Jian
Xom
Yredelemnul
Zin
The Shining One
Jiyva
Lugonu

Shops:
D:5 *   Orc:1 }   Orc:2 =?[?}   Shoals:3 *   Shoals:4 %   Vaults:2 [

Portals:
Hell: Depths:1 Depths:2 Depths:3
Abyss: Depths:1
Pandemonium: Depths:3
Ziggurat: Depths:3
Trove: D:13 (give +2 shadow dragon scales)

Annotations:
Depths:4 Xtahua


Innate Abilities, Weirdness & Mutations

You are resistant to torment.
Your stone body is resilient. (AC +18)
You are immune to poison.
Your large and strong wings let you fly indefinitely.
You resist negative energy. (rN+)
You are resistant to electric shocks. (rElec)
You can survive without breathing.
You are immune to petrification.
You are immune to rotting.
Scrolls take you longer to read.
You are dopey. (Int -2)
Your magical capacity is very low. (-20% MP)


Message History

* * * LOW HITPOINT WARNING * * *
You block the iron troll's attack.
The quicksilver dragon breathes dispelling energy at you.
The bolt of dispelling energy hits you!
You feel strangely stable.
* * * LOW HITPOINT WARNING * * *
You thump the iron troll!
The iron troll is severely wounded.
You block the orc knight's attack.
You block the quicksilver dragon's attack.
The quicksilver dragon claws you but does no damage.
You impale the iron troll!!
You kill the iron troll!
Okawaru accepts your kill.
The troll leather armour is intact enough to wear.
The quicksilver dragon barely misses you.
You block the quicksilver dragon's attack.
The yaktaur captain wields an arbalest.
The yaktaur captain shoots a bolt.
The bolt hits you!!
You die...

........##.......
.)...............
.................
............#####
............#
#####....(..###
#..........
#.......###########.
#...[....oco@[cSoXG.
###.#...#.###D######
#.#####)#{TCDDo.D
#.....o(#.{STD4C.
##...(.)...oT4D...
#......(..♣.....♣.
#.####.#..o.(.....
### ..##(..#####.
..{#.....4.


You could see Xtahua, 2 fire dragons, 2 quicksilver dragons, 2 stone giants, a
yaktaur captain, 4 orc knights, a glowing orange brain, 2 deep trolls, a large
abomination, 2 mana vipers, a yaktaur and 2 chaos spawn.

Vanquished Creatures
  Sojobo (Depths:4)
  2 caustic shrikes (Depths:2)
  Margery (Vaults:2)
  A golden dragon (Depths:3)
  Arachne (Spider:4)
  2 tentacled monstrosities
  2 liches
  Rupert (D:14)
  Asterion (Depths:1)
  A deep elf master archer (Elf:3)
  3 deep elf blademasters
  A quicksilver dragon (Depths:4)
  2 sphinxes
  Gastronok (Lair:1)
  5 tengu reavers
  A kraken (Shoals:3)
  A shadow dragon (Depths:2)
  2 storm dragons (Depths:3)
  Donald (Elf:1)
  Ilsuiw (Shoals:4)
  7 fire giants
  10 deep elf sorcerers
  A daeva (Depths:3)
  6 frost giants
  4 vault wardens
  An angel (Depths:4)
  9 ghost moths
  2 orc warlords (Orc:1)
  Louise (Spider:2)
  4 emperor scorpions
  3 deep elf elementalists
  11 stone giants
  4 ironheart preservers
  22 very ugly things
  2 vampire knights
  7 entropy weavers
  4 deep elf demonologists
  7 spark wasps
  8 deep elf annihilators
  10 ettins
  Josephine (Lair:4)
  5 deep elf death magi
  3 merfolk javelineers (Shoals:4)
  13 yaktaur captains
  4 deep elf high priests (Elf:3)
  11 fire dragons
  14 merfolk impalers
  2 rakshasas
  Erolcha (D:9)
  6 great orbs of eyes
  5 spriggan air magi (Depths:3)
  A hell beast (Depths:3)
  14 ice dragons
  4 hydras
  A catoblepas (Shoals:4)
  11 centaur warriors
  An alligator snapping turtle (Shoals:3)
  2 merfolk avatars
  46 two-headed ogres
  4 death knights
  13 ogre magi
  22 dancing weapons
  3 satyrs
  4 merfolk aquamancers (Shoals:4)
  6 tengu warriors
  Urug (D:14)
  18 deep troll earth magi
  9 deep troll shamans
  3 thrashing horrors (Abyss:4)
  15 death yaks
  3 spriggan berserkers
  23 deep elf knights
  A sixfirhy (Depths:3)
  A deep troll (shapeshifter) (Elf:3)
  7 iron trolls
  7 skeletal warriors
  The ghost of Sondor the Carver, a novice DsFi (D:9)
  A shadow wraith (D:13)
  4 glowing orange brains
  4 hell knights (Vaults:2)
  3 unseen horrors
  4 large abominations
  5 sea snakes
  27 deep trolls
  A swamp dragon (shapeshifter) (Elf:1)
  2 phantasmal warriors (Depths:4)
  2 flayed ghosts
  11 deep elf archers
  A harpy (Shoals:4)
  5 necromancers
  4 ironbrand convokers
  6 wizards
  14 orc knights
  A stone giant zombie (Vaults:2)
  An orb spider (shapeshifter) (Vaults:3)
  23 ugly things
  17 orb spiders
  15 fauns
  60 deep elf magi
  2 oklob plants (Lair:4)
  A mana viper (Depths:4)
  9 manticores
  15 wolf spiders
  A centaur zombie (D:14)
  7 elephants
  Joseph (D:9)
  A water nymph (shapeshifter) (Depths:2)
  11 vault sentinels
  14 merfolk sirens
  A guardian serpent (D:12)
  4 cyclopes
  2 black mambas
  5 water nymphs
  28 spiny frogs
  A torpor snail (Spider:4)
  A gargoyle (D:14)
  A komodo dragon (shapeshifter) (D:15)
  6 komodo dragons
  32 yaktaurs
  8 freezing wraiths
  10 demonic crawlers
  6 kobold demonologists
  An efreet (Volcano)
  3 human skeletons (Vaults:1)
  2 rime drakes
  An ice devil (Depths:3)
  2 yaktaurs (shapeshifter)
  3 small abominations
  A tengu conjurer (Depths:3)
  A queen bee (Lair:3)
  2 trolls (shapeshifter)
  30 jumping spiders
  10 trolls
  4 tyrant leeches (Lair:6)
  Grinder (D:3)
  41 merfolk
  9 hornets
  3 polar bears
  8 snapping turtles
  12 dream sheep
  37 blink frogs
  2 wind drakes
  14 slime creatures
  2 human simulacra
  A fire giant simulacrum (Vaults:1)
  A centaur simulacrum (D:15)
  A ynoxinul (Depths:3)
  A slime creature (shapeshifter) (D:15)
  A stone giant simulacrum (Vaults:2)
  15 hippogriffs
  23 water elementals
  A spriggan (Lair:3)
  A shadow (D:13)
  17 tarantellas
  21 yaks
  9 wraiths
  An air elemental (Elf:3)
  6 wyverns
  64 redbacks
  5 fire elementals
  4 basilisks
  A chaos spawn (Depths:4)
  A golden eye (shapeshifter) (Vaults:2)
  4 hogs (D:11)
  A neqoxec (Depths:3)
  A hungry ghost (D:7)
  A steam dragon (Lair:4)
  Grum (Lair:1)
  17 humans
  6 vampire mosquitoes (Lair:6)
  An acid dragon (shapeshifter) (Vaults:2)
  A warg (Vaults:3)
  8 acid dragons
  15 water moccasins
  11 porcupines
  A floating eye (Depths:3)
  3 black bears
  An eye of draining (shapeshifter) (Vaults:1)
  36 orc warriors
  3 sky beasts
  2 elephant zombies (Lair:5)
  3 ice beasts
  2 phantoms
  50 ogres
  5 boggarts
  11 wolves
  4 big kobolds
  12 centaurs
  10 crocodiles
  A human zombie (Vaults:2)
  32 bullfrogs
  3 earth elementals
  4 scorpions
  39 killer bees
  An elf simulacrum (Vaults:2)
  5 wights (D:12)
  12 electric eels
  4 howler monkeys
  5 crimson imps
  2 quasits
  4 jellies
  3 hounds
  A basilisk zombie (Lair:5)
  6 centaur skeletons
  15 orc priests
  2 bullfrog skeletons
  An iron imp (Abyss:4)
  Jessica (D:8)
  23 orc wizards
  Natasha (thrice) (D:3)
  4 iguanas
  7 worker ants
  A killer bee zombie (D:10)
  A crocodile zombie (Lair:5)
  A hound zombie (D:9)
  A hound skeleton (D:11)
  A howler monkey zombie (D:11)
  A worker ant zombie (D:11)
  4 gnolls (D:8)
  12 adders
  7 shadow imps
  5 oozes
  An adder zombie (D:5)
  3 worms
  3 dart slugs (D:1)
  6 leopard geckos
  111 orcs
  12 bats
  6 giant cockroaches
  10 goblins
  9 hobgoblins
  6 jackals
  7 quokkas
  3 ball pythons
  11 frilled lizards
  19 kobolds
  A leopard gecko zombie (D:7)
  2 quokka skeletons
  12 rats
  2 bushes (Shoals:1)
  5 crawling corpses (Elf:3)
  A fungus (Lair:1)
  4 plants
  3 tentacles (Shoals:3)
1840 creatures vanquished.

Vanquished Creatures (collateral kills)
  2 redbacks (Spider:2)
2 creatures vanquished.

Vanquished Creatures (others)
  2 deep elf master archers (Elf:3)
  Polyphemus (Shoals:4)
  2 stone giants
  4 merfolk javelineers
  3 yaktaur captains
  4 centaur warriors
  A satyr (Shoals:3)
  An unseen horror (Depths:4)
  A wizard (Vaults:2)
  6 deep elf archers
  2 deep elf magi
  A cyclops (D:14)
  9 fauns
  22 yaktaurs
  3 jumping spiders
  A merfolk (Shoals:2)
  A dream sheep (Shoals:2)
  5 redbacks
  2 boggarts (Depths:1)
  13 centaurs
  An orc wizard (Vaults:3)
  3 orcs
  A quokka (D:6)
  7 fungi
  41 plants
  9 tentacles (Shoals:3)
146 creatures vanquished.

Grand Total: 1988 creatures vanquished

Notes
Turn   | Place    | Note
-------+----------+-------------------------------------------
     0 | D:1      | Jakon the Gargoyle Fighter began the quest for the Orb.
     0 | D:1      | Reached XP level 1. HP: 14/14 MP: 1/1
   166 | D:1      | Reached XP level 2. HP: 17/19 MP: 2/2
   407 | D:1      | Reached XP level 3. HP: 24/24 MP: 3/3
   985 | D:2      | Reached XP level 4. HP: 28/29 MP: 4/4
  1844 | D:3      | Reached XP level 5. HP: 33/33 MP: 5/5
  2350 | D:3      | Noticed Grinder
  2370 | D:3      | Paralysed by Grinder for 7 turns
  2395 | D:3      | Paralysed by Grinder for 2 turns
  2403 | D:3      | Paralysed by Grinder for 6 turns
  2425 | D:3      | Killed Grinder
  2425 | D:3      | Reached skill level 5 in Fighting
  2425 | D:3      | Reached skill level 5 in Armour
  2425 | D:3      | Reached skill level 5 in Shields
  2425 | D:3      | Reached XP level 6. HP: 23/40 MP: 6/6
  2585 | D:3      | Reached XP level 7. HP: 41/44 MP: 7/7
  2822 | D:3      | Noticed Natasha
  2831 | D:3      | Killed Natasha
  3088 | D:3      | Noticed Natasha
  3096 | D:3      | Killed Natasha
  3219 | D:3      | Noticed Natasha
  3229 | D:3      | Killed Natasha
  4447 | D:5      | Entered Level 5 of the Dungeon
  4491 | D:5      | Found a shadowy altar of Dithmenos.
  4514 | D:5      | Found Lorchobeg's General Store.
  4519 | D:5      | Bought a scroll of enchant armour for 97 gold pieces
  4519 | D:5      | Bought 8 needles of sleeping for 52 gold pieces
  4724 | D:5      | Reached XP level 8. HP: 47/51 MP: 8/8
  4792 | D:5      | Reached skill level 5 in Maces & Flails
  5563 | D:6      | Found a radiant altar of Vehumet.
  5651 | D:6      | You fall through a shaft!
  5682 | D:7      | Found a staircase to the Ecumenical Temple.
  6342 | D:7      | Found an ancient bone altar of Kikubaaqudgha.
  6384 | Temple   | Entered the Ecumenical Temple
  6617 | Temple   | Became a worshipper of Warmaster Okawaru
  6687 | D:7      | Reached XP level 9. HP: 57/57 MP: 9/9
  6732 | D:7      | Found a blossoming altar of Fedhas.
  6775 | D:7      | Reached skill level 1 in Invocations
  7321 | D:7      | Got a warped morningstar
  7324 | D:7      | Identified the +8 morningstar of Trog's Approval {elec,
                  | +Fly} (You found it on level 7 of the Dungeon)
  8246 | D:8      | Reached * piety under Okawaru
  8395 | D:8      | Noticed Jessica
  8400 | D:8      | Killed Jessica
  8412 | D:8      | Found a deep blue altar of Sif Muna.
  8459 | D:8      | Found a staircase to the Lair.
  8766 | D:8      | Reached XP level 10. HP: 46/64 MP: 12/12
  8860 | D:8      | Found a basalt altar of Yredelemnul.
  9027 | D:8      | Found a hide-covered altar of Uskayaw.
  9111 | Lair:1   | Entered Level 1 of the Lair of Beasts
  9214 | Lair:1   | Noticed a spiny frog
  9221 | Lair:1   | Killed a spiny frog
  9221 | Lair:1   | Reached ** piety under Okawaru
  9386 | Lair:1   | Noticed a six-headed hydra
  9404 | Lair:1   | Killed a six-headed hydra
  9404 | Lair:1   | Reached *** piety under Okawaru
  9418 | Lair:1   | Noticed Gastronok
  9433 | Lair:1   | Killed Gastronok
  9433 | Lair:1   | Reached skill level 5 in Invocations
  9433 | Lair:1   | Reached XP level 11. HP: 28/71 MP: 13/15
  9731 | Lair:1   | Noticed Grum
  9741 | Lair:1   | Killed Grum
  9741 | Lair:1   | Reached **** piety under Okawaru
 10162 | Lair:1   | Found the +8 whip "Snakebite" {curare, rPois}
 10244 | Lair:1   | Reached ***** piety under Okawaru
 10506 | Lair:1   | Received a gift from Okawaru
 11272 | Lair:2   | Reached skill level 10 in Fighting
 11319 | Lair:2   | Reached skill level 10 in Armour
 11319 | Lair:2   | Reached skill level 10 in Shields
 12165 | Lair:3   | Reached XP level 12. HP: 67/77 MP: 17/17
 12188 | Lair:3   | Found a hole to the Spider Nest.
 12646 | Lair:3   | Received a gift from Okawaru
 13270 | Lair:3   | Reached skill level 10 in Maces & Flails
 14257 | Lair:4   | Noticed a seven-headed hydra
 14273 | Lair:4   | Killed a seven-headed hydra
 14304 | Lair:4   | Reached XP level 13. HP: 64/84 MP: 19/19
 14371 | Lair:4   | Received a gift from Okawaru
 14538 | Lair:4   | Got a dazzling hunting sling
 14645 | Lair:4   | Noticed Josephine
 14661 | Lair:4   | Killed Josephine
 14662 | Lair:4   | Reached ****** piety under Okawaru
 15162 | Lair:4   | Found a staircase to the Shoals.
 15332 | Lair:1   | Identified the +5 hunting sling "Mecetra" {velocity, rF+++
                  | Str+3 Stlth-} (You found it on level 4 of the Lair of
                  | Beasts)
 15702 | Lair:5   | Reached skill level 10 in Invocations
 15888 | Lair:5   | Received a gift from Okawaru
 16217 | Lair:5   | Found a viscous altar of Jiyva.
 16217 | Lair:5   | Found a staircase to the Slime Pits.
 16738 | Lair:6   | Entered Level 6 of the Lair of Beasts
 17057 | Lair:6   | Gained mutation: Your large and strong wings let you fly
                  | indefinitely. [Gargoyle growth]
 17057 | Lair:6   | Reached XP level 14. HP: 92/92 MP: 21/21
 17068 | Lair:6   | Received a gift from Okawaru
 17069 | Lair:6   | Found the +7 Kryia's mail coat {PotionHeal*2 rC+}
 18285 | Lair:6   | Received a gift from Okawaru
 19874 | D:9      | Received a gift from Okawaru
 19926 | D:9      | Noticed Erolcha
 19939 | D:9      | Paralysed by Erolcha for 7 turns
 19946 | D:9      | Killed Erolcha
 20107 | D:9      | Found a white marble altar of Elyvilon.
 20128 | D:9      | Found a snail-covered altar of Cheibriados.
 20223 | D:9      | Found a hazy altar of Hepliaklqana.
 20228 | D:9      | Found a bloodstained altar of Trog.
 20734 | D:9      | Found a runed gate.
 20735 | D:9      | Found a runed gate.
 20735 | D:9      | Found a runed gate.
 20737 | D:9      | Noticed Sondor's ghost (novice DsFi)
 20742 | D:9      | Found an opulent altar of Gozag.
 20773 | D:9      | Received a gift from Okawaru
 20810 | D:9      | Killed Sondor's ghost
 20815 | D:9      | Got an ichor-stained falchion {god gift}
 20858 | D:9      | Noticed Joseph
 20872 | D:9      | Killed Joseph
 21250 | D:10     | Entered Level 10 of the Dungeon
 21425 | D:10     | Reached XP level 15. HP: 93/99 MP: 23/23
 21816 | D:10     | Found a corrupted altar of Lugonu.
 22188 | D:11     | Identified the +6 falchion "Jeycan" {slice, rF+} (Okawaru
                  | gifted it to you on level 9 of the Dungeon)
 22204 | D:11     | Found a sparkling altar of Nemelex Xobeh.
 23115 | D:12     | Found a staircase to the Orcish Mines.
 23144 | D:12     | Got an amber-encrusted chain mail
 23155 | D:12     | Identified the cursed +1 chain mail "Tiqacoc" {Int+4} (You
                  | found it on level 12 of the Dungeon)
 23332 | D:12     | Found a transporter.
 23384 | D:12     | Found a transporter.
 24482 | Lair:1   | Identified a scroll of acquirement
 24488 | Lair:1   | Got a heavily runed cloak
 24499 | Lair:1   | Identified the +0 cloak of Beogh's Approval {*Drain rN++
                  | MR+ rCorr} (You acquired it on level 1 of the Lair of
                  | Beasts)
 24676 | Orc:1    | Entered Level 1 of the Orcish Mines
 24742 | Orc:1    | Received a gift from Okawaru
 24883 | Orc:1    | Noticed an orc warlord
 24911 | Orc:1    | Killed an orc warlord
 24955 | Orc:1    | Found Efunun's Gadget Boutique.
 25160 | Orc:1    | Found a dark tunnel.
 25272 | Volcano  | Entered a volcano
 25634 | Orc:2    | Entered Level 2 of the Orcish Mines
 25903 | Orc:2    | Found Guwk's Jewellery Shop.
 26092 | Orc:2    | Received a gift from Okawaru
 26663 | Orc:2    | Reached XP level 16. HP: 91/106 MP: 25/25
 26755 | Orc:2    | Found a staircase to the Elven Halls.
 26755 | Orc:2    | Found Cilurud's Magic Scroll Emporium.
 26755 | Orc:2    | Found Sigi's Gadget Shop.
 26756 | Orc:2    | Found Enoasael's Magic Scroll Boutique.
 26756 | Orc:2    | Found Ziuxzal's Armour Emporium.
 26763 | Orc:2    | Bought a scroll of blinking for 82 gold pieces
 26763 | Orc:2    | Bought a scroll of identify for 22 gold pieces
 26763 | Orc:2    | Bought a scroll of teleportation for 33 gold pieces
 26763 | Orc:2    | Bought a scroll of identify for 22 gold pieces
 26763 | Orc:2    | Bought a scroll of teleportation for 33 gold pieces
 26763 | Orc:2    | Bought a scroll of summoning for 104 gold pieces
 26763 | Orc:2    | Bought a scroll of teleportation for 33 gold pieces
 26763 | Orc:2    | Bought a scroll of teleportation for 33 gold pieces
 26763 | Orc:2    | Bought a scroll of vulnerability for 82 gold pieces
 26763 | Orc:2    | Bought a scroll of identify for 22 gold pieces
 26764 | Orc:2    | Bought a scroll of blinking for 112 gold pieces
 26764 | Orc:2    | Bought a scroll of identify for 30 gold pieces
 26764 | Orc:2    | Bought a scroll of enchant weapon for 112 gold pieces
 26764 | Orc:2    | Bought a scroll of identify for 30 gold pieces
 26764 | Orc:2    | Bought a scroll of enchant weapon for 112 gold pieces
 26929 | Orc:1    | Found a radiant altar of Vehumet.
 27367 | Orc:1    | Bought a wand of acid (5) for 216 gold pieces
 27729 | Spider:1 | Entered Level 1 of the Spider Nest
 28144 | Spider:1 | Received a gift from Okawaru
 28533 | Spider:1 | You are sucked into a shaft!
 28940 | Spider:2 | Noticed Louise
 28960 | Spider:2 | Killed Louise
 29226 | Spider:2 | Received a gift from Okawaru
 31363 | Spider:4 | Entered Level 4 of the Spider Nest
 32316 | Spider:4 | Noticed Arachne
 32350 | Spider:4 | Killed Arachne
 32350 | Spider:4 | Reached skill level 15 in Fighting
 32350 | Spider:4 | Reached XP level 17. HP: 48/113 MP: 14/27
 32390 | Spider:4 | Reached skill level 15 in Armour
 32395 | Spider:4 | Reached skill level 15 in Shields
 32671 | Spider:4 | Received a gift from Okawaru
 33912 | Spider:4 | Got a gossamer rune of Zot
 35059 | D:13     | Found a portal to a secret trove of treasure.
 35073 | D:13     | You are sucked into a shaft for 2 floors!
 35073 | D:15     | Entered Level 15 of the Dungeon
 35277 | D:15     | Received a gift from Okawaru
 35332 | D:15     | Found a staircase to the Depths.
 35926 | D:14     | Noticed Rupert
 35929 | D:14     | Noticed Urug
 35962 | D:14     | Killed Rupert
 36047 | D:14     | Found a gate to the Vaults.
 36181 | D:14     | Reached XP level 18. HP: 111/120 MP: 28/28
 36466 | D:14     | Killed Urug
 36657 | D:13     | Found a snail-covered altar of Cheibriados.
 36720 | D:13     | Received a gift from Okawaru
 36891 | D:13     | Found a white marble altar of Elyvilon.
 37374 | Vaults:1 | Entered Level 1 of the Vaults
 38819 | Vaults:2 | Got a polished battleaxe
 38825 | Vaults:2 | Identified the +6 battleaxe "Suka" {chop, rPois Int+5} (You
                  | found it on level 2 of the Vaults)
 38878 | Vaults:2 | Noticed Margery
 38907 | Vaults:3 | Received a gift from Okawaru
 38907 | Vaults:3 | Reached skill level 15 in Invocations
 39251 | Vaults:3 | Found a staircase to the Crypt.
 39251 | Vaults:3 | Found an ancient bone altar of Kikubaaqudgha.
 39252 | Vaults:3 | Found a basalt altar of Yredelemnul.
 40170 | Vaults:2 | HP: 5/121 [vault warden/bardiche (22)]
 40176 | Vaults:2 | Reached skill level 15 in Maces & Flails
 40187 | Vaults:2 | HP: 5/121 [yaktaur captain (11)]
 40960 | Shoals:1 | Entered Level 1 of the Shoals
 42014 | Shoals:2 | Reached XP level 19. HP: 127/127 MP: 30/30
 43056 | Shoals:3 | Received a gift from Okawaru
 43068 | Shoals:3 | Got a dazzling plate armour {god gift}
 43082 | Shoals:3 | Identified the +1 plate armour "Qeylyrghe" {-Tele *Contam
                  | rF+++ Slay+6} (Okawaru gifted it to you on level 3 of the
                  | Shoals)
 43409 | Shoals:3 | Found Gunoxef's Island Escapes.
 43583 | Shoals:3 | Bought a scroll of teleportation for 54 gold pieces
 43583 | Shoals:3 | Bought a scroll of teleportation for 54 gold pieces
 43583 | Shoals:3 | Bought a scroll of fog for 36 gold pieces
 43621 | Shoals:3 | Gained mutation: Your magical capacity is low. (-10% MP)
                  | [mutagenic glow]
 44225 | Shoals:4 | Entered Level 4 of the Shoals
 44235 | Shoals:4 | Noticed Ilsuiw
 44312 | Shoals:4 | Killed Ilsuiw
 44848 | Shoals:4 | Got a barnacled rune of Zot
 45110 | Shoals:4 | Found Unisk's Food Shoppe.
 45384 | Shoals:4 | Noticed Polyphemus
 45386 | Shoals:4 | Received a gift from Okawaru
 45396 | Shoals:4 | Killed Polyphemus
 45458 | Shoals:4 | Got a slimy eveningstar {god gift}
 45466 | Shoals:4 | Identified the +9 eveningstar of the Several Tales {crush,
                  | rF+ rN+ Int-2} (Okawaru gifted it to you on level 4 of the
                  | Shoals)
 46128 | Depths:1 | Entered Level 1 of the Depths
 46167 | Depths:1 | Found a one-way gate to the infinite horrors of the Abyss.
 46327 | Depths:1 | Paralysed by a great orb of eyes for 4 turns
 46831 | Depths:1 | Noticed Asterion
 46855 | Depths:1 | Killed Asterion
 46893 | Depths:1 | Reached XP level 20. HP: 134/134 MP: 28/28
 46915 | Depths:1 | Found a gateway to Hell.
 47242 | Depths:1 | Received a gift from Okawaru
 48147 | Depths:2 | Noticed a caustic shrike
 48156 | Depths:2 | Killed a caustic shrike
 48169 | Depths:2 | Received a gift from Okawaru
 48231 | Depths:2 | Noticed a caustic shrike
 48246 | Depths:2 | Killed a caustic shrike
 48315 | Depths:2 | Received a gift from Okawaru
 48741 | Depths:2 | Identified the Incunabulum of the Big Bang
 49290 | Depths:2 | Reached XP level 21. HP: 134/141 MP: 30/30
 50389 | Depths:3 | Found a gateway to a ziggurat.
 50416 | Depths:3 | Got a fine large shield
 50685 | Depths:4 | Identified the cursed +0 large shield "Udaej" {rF+ rC-
                  | Dex+6} (You took it off a daeva on level 3 of the Depths)
 50730 | Depths:3 | Noticed Sojobo
 50734 | Depths:3 | Gained mutation: Scrolls take you a little longer to read.
                  | [a neqoxec]
 50738 | Depths:3 | Gained mutation: You are dopey. (Int -2) [a neqoxec]
 50752 | Depths:3 | Gained mutation: Your magical capacity is very low. (-20%
                  | MP) [a neqoxec]
 50882 | Depths:4 | Killed Sojobo
 50931 | Depths:3 | Received a gift from Okawaru
 50933 | Depths:3 | Gained mutation: Scrolls take you longer to read. [a
                  | neqoxec]
 52482 | Depths:3 | Found a one-way gate leading to the halls of Pandemonium.
 52876 | Depths:3 | Got a scintillating steel ring
 53526 | Depths:3 | Received a gift from Okawaru
 53527 | Depths:3 | Got a brightly glowing scale mail {god gift}
 53950 | Depths:3 | Identified the ring of Jaowusez {*Tele *Drain rF++} (You
                  | found it on level 3 of the Depths)
 53952 | Depths:3 | Identified the +1 scale mail of Hopscotch {MR- Str+4
                  | Slay+3} (Okawaru gifted it to you on level 3 of the Depths)
 54007 | Depths:3 | Reached XP level 22. HP: 128/148 MP: 27/27
 54100 | Depths:3 | Noticed a golden dragon
 54145 | Depths:3 | Killed a golden dragon
 54414 | Depths:3 | Got a wizard robe
 54452 | Depths:3 | Identified the cursed +1 robe of Lies {*Drain rPois rF+}
                  | (You found it on level 3 of the Depths)
 54569 | Depths:3 | Got an ancient shield {god gift}
 54572 | Depths:3 | Identified the +7 shield of Emiotze {Str+2 Int+3} (Okawaru
                  | gifted it to you on level 3 of the Depths)
 55885 | Vaults:2 | Found Jaegh's Armour Shoppe.
 55901 | Vaults:2 | Bought the +2 helmet "Caywerog" {rF+ MR+} for 477 gold
                  | pieces
 56331 | Vaults:2 | Killed Margery
 56848 | Vaults:3 | Received a gift from Okawaru
 58647 | Vaults:4 | Received a gift from Okawaru
 58656 | Vaults:4 | Reached XP level 23. HP: 60/155 MP: 29/29
 60261 | Elf:1    | Entered Level 1 of the Elven Halls
 60271 | Elf:1    | Got a smoking hunting sling
 60871 | Elf:1    | Noticed Donald
 60880 | Elf:1    | Killed Donald
 60888 | Elf:1    | Identified the +8 hunting sling of Kug Dixt {freeze, rC+}
                  | (You found it on level 1 of the Elven Halls)
 61749 | Elf:2    | Found a runed gate.
 61749 | Elf:2    | Found a runed gate.
 61749 | Elf:2    | Found a runed gate.
 61904 | Elf:2    | Received a gift from Okawaru
 61905 | Elf:2    | Cast into level 4 of the Abyss (trident of distortion)
 61905 | Abyss:4  | Found a corrupted altar of Lugonu.
 61919 | Abyss:4  | Got a steaming war axe
 61977 | Elf:2    | Escaped the Abyss
 62246 | Elf:2    | Received a gift from Okawaru
 62574 | Elf:2    | Identified the +6 war axe of Truncation {chop, +Inv rPois}
                  | (You found it on level 4 of the Abyss)
 63106 | Elf:3    | Entered Level 3 of the Elven Halls
 64059 | Elf:3    | Received a gift from Okawaru
 64091 | Elf:3    | Reached XP level 24. HP: 87/163 MP: 29/29
 64839 | Elf:3    | Got a steaming granite ring
 64918 | Elf:3    | Got a pitted pewter amulet
 65516 | Elf:3    | Found the +2 pair of boots of the Assassin {Detection Stab+
                  | Stlth++}
 65544 | Elf:3    | Identified Nasereve's Disquisition on the Supportive
                  | Mountains
 65570 | Elf:3    | Identified the ring of Buop Yng {*Corrode rC+ Str+2 Int+7
                  | Stlth+} (You took it off a deep elf annihilator on level 3
                  | of the Elven Halls)
 65662 | Elf:3    | Identified Saasaoce's Guide on the Harmful Snowflakes
 66299 | Lair:1   | Identified the amulet "Foiroxzu" {Acrobat rN+} (You took it
                  | off a deep elf high priest on level 3 of the Elven Halls)
 67052 | Depths:4 | Received a gift from Okawaru
 67365 | Depths:5 | Entered Level 5 of the Depths
 67927 | Depths:4 | Noticed Xtahua
 67941 | Depths:4 | Shot with a bolt by a yaktaur captain

Skill      XL: |  1  2  3  4  5  6  7  8  9 10 11 12 13 14 15 16 17 18 19 20 21 22 23 24 |
---------------+-------------------------------------------------------------------------+-----
Fighting       | 4 5 7 8 9 10 11 12 13 14 15 16 17 18 19 20 | 20.4
Shields        | 4 5 6 7 9 10 11 12 13 14 15 16 17 18 19 20 | 20.4
Armour         | 4 5 6 7 9 10 11 12 13 14 15 16 17 18 19 20 | 20.4
Maces & Flails | 3 4 6 8 9 10 11 12 13 14 15 16 17 18 19 | 19.0
Invocations    | 3 5 7 9 10 11 12 13 14 15 16 17 18 19 | 19.6

Action                   |  1- 3 |  4- 6 |  7- 9 | 10-12 | 13-15 | 16-18 | 19-21 | 22-24 || total
-------------------------+-------+-------+-------+-------+-------+-------+-------+-------++-------
Melee: Flail             |   123 |   210 |   423 |       |       |       |       |       ||   756
       Unarmed           |       |    10 |       |       |       |       |       |       ||    10
       Morningstar       |       |       |   219 |   123 |       |   963 |       |       ||  1305
       Whip              |       |       |       |   487 |  1956 |   411 |       |       ||  2854
       Demon whip        |       |       |       |       |       |   484 |   529 |       ||  1013
       Eveningstar       |       |       |       |       |       |       |  1136 |  1519 ||  2655
 Fire: Blowgun           |       |       |       |       |     6 |     1 |       |       ||     7
Throw: Javelin           |       |       |    13 |     1 |       |     9 |    37 |     9 ||    69
Invok: Heroism           |       |       |       |       |       |     1 |     1 |       ||     2
       Finesse           |       |       |       |       |       |       |     1 |       ||     1
 Abil: Evoke Flight      |       |       |     1 |       |       |       |       |       ||     1
       Fly               |       |       |       |       |     1 |       |     1 |     1 ||     3
       Stop Flying       |       |       |       |       |       |       |     2 |       ||     2
Evoke: Wand              |       |       |     1 |     5 |    20 |    45 |    17 |     9 ||    97
       Phial of floods   |       |       |       |       |       |       |     1 |     1 ||     2
       Lamp of fire      |       |       |       |       |       |       |     1 |       ||     1
  Use: Potion            |       |     1 |     7 |     1 |     3 |    16 |     7 |     7 ||    42
       Scroll            |       |     7 |     8 |    10 |    20 |    32 |    10 |    20 ||   107
 Stab: Invisible         |       |       |       |       |       |     3 |       |       ||     3
       Confused          |       |       |       |       |       |       |     1 |       ||     1
       Fleeing           |       |       |       |       |       |       |       |     1 ||     1
  Eat: Chunk             |     1 |     4 |     9 |    13 |    13 |    17 |    20 |    11 ||    88
       Ration            |       |     1 |     4 |     2 |     8 |    10 |     6 |    11 ||    42
Armor: Scale mail        |    67 |   153 |   184 |       |   253 |   963 |   523 |   424 ||  2567
       Plate armour      |       |       |   265 |   283 |   109 |       |    12 |       ||   669
       Chain mail        |       |       |       |    20 |     8 |       |       |       ||    28
Dodge: Dodged            |    35 |    64 |   126 |    59 |   138 |   275 |   220 |   121 ||  1038
Block: Shield            |    44 |       |       |       |       |       |       |       ||    44
       Large shield      |    36 |   247 |   793 |   587 |  1240 |  2444 |  2261 |  1742 ||  9350
       Reflection        |       |       |       |       |    31 |   169 |   254 |   198 ||   652
